 Dungeon Crawl Stone Soup version 0.29-a0-844-ge8845773e3 (webtiles) character file.

Game seed: 18206090725844907560

47 kyyface the Slasher (level 3, 0/33 HPs)
             Began as a Minotaur Berserker on July 15, 2022.
             Was a Follower of Trog.
             Slain by a hobgoblin (2 damage)
             ... on level 3 of the Dungeon.
             The game lasted 00:08:26 (1213 turns).

kyyface the Slasher (Minotaur Berserker)            Turns: 1213, Time: 00:08:26

Health: 0/33       AC:  3    Str: 23    XL:     3   Next: 48%
Magic:  2/2        EV: 12    Int:  4    God:    Trog [*.....]
Gold:   58         SH:  0    Dex:  9    Spells: 2/2 levels left

rFire   . . .      SeeInvis .   e - +0 great sword
rCold   . . .      Faith    .   (shield currently unavailable)
rNeg    . . .      Spirit   .   i - +0 leather armour
rPois   .          Reflect  .   (helmet restricted)
rElec   .          Harm     .   (no cloak)
rCorr   .          Rampage  .   (no gloves)
Will    .....                   (no boots)
Stlth   +.........              (no amulet)
HPRegen 0.11/turn               (no ring)
MPRegen 0.08/turn               (no ring)

@: no status effects
A: horns 2, retaliatory headbutt
a: Renounce Religion, Berserk


You were on level 3 of the Dungeon.
You worshipped Trog.
Trog was aware of your devotion.
You visited 1 branch of the dungeon, and saw 3 of its levels.

You collected 58 gold pieces.

Inventory:

Hand Weapons
 a - a +0 falchion
 d - a +2 vampiric dagger
 e - a +0 great sword (weapon)
 h - a +0 mace
Armour
 b - a +0 animal skin
 i - a +0 leather armour (worn)
Scrolls
 f - 2 scrolls of identify {unknown}
Potions
 c - 2 potions of cancellation {unknown}
 g - a potion of curing {unknown}


   Skills:
 + Level 4.1 Fighting
 + Level 4.9 Long Blades
 + Level 2.6 Armour
 + Level 2.4 Dodging


You had 2 spell levels left.
You didn't know any spells.
Your spell library contained the following spells:

 Spells                   Type           Power      Damage    Failure   Level
 Shock                    Conj/Air       0%         1d3       54%         1
 Swiftness                Air            0%         N/A       89%         3
 Airstrike                Air            0%         0-1+      100%        4


Dungeon Overview and Level Annotations

Branches:
Dungeon (3/15)

Altars:
The Shining One


Innate Abilities, Weirdness & Mutations

You have a pair of horns on your head.
You reflexively headbutt those who attack you in melee.


Message History

You see here a scroll labelled CUHUEF SERAGUE.
An orc priest comes into view. It is wielding a +0 falchion.
You see here a scroll labelled CUHUEF SERAGUE.
f - 2 scrolls labelled CUHUEF SERAGUE (gained 1)
The orc priest shouts!
You hit the orc but do no damage. You headbutt the orc, but do no damage.
The orc priest looks encouraged for a moment.
The orc hits you with a +0 club.
The orc hits you from afar with a +0 trident.
You slash the orc!
You kill the orc!
Trog accepts your kill.
The orc hits you from afar with a +0 trident.
A hobgoblin comes into view.
The orc barely misses you.
The hobgoblin shouts!
You hear a shout!
You see here an orc corpse.
The orc hits you from afar with a +0 trident.
An orc comes into view. It is wielding a +0 short sword.
The orc shouts!
The orc barely misses you.
You closely miss the orc. The orc misses you.
The orc hits you but does no damage.
You hit the orc. Your headbutt misses the orc.
The orc is severely wounded.
The orc hits you from afar with a +0 trident.
The orc attacks as you move away! The orc hits you with a +0 short sword.
The orc priest mumbles some strange prayers to Beogh against you.
Beogh smites you!
* * * LOW HITPOINT WARNING * * *
You slash the orc!
You kill the orc!
Trog accepts your kill. The hobgoblin barely misses you.
You furiously retaliate!
You headbutt the hobgoblin. You barely miss the hobgoblin.
You headbutt the hobgoblin, but do no damage.
The hobgoblin is moderately wounded.
The hobgoblin hits you.
You die...

#........)..# #..
#.#.##o####.####.. # #.#
.... ... .# #.#
#..###.######.# # #†#
.........<....
###.#.##g####..##....##.#
.).......o.o.o.##.......#
..###.#.##.####.####......#
#.# #.#.##...@go..........#
.. #.#.##.####.####.#....#
#.##...........# #.#....# #
#.<..........(.#
#.#....#...
#.##..#.#.##.####.#
#.#........
#...............#.#
#.#..#.#### #..##.........#
#.#..#... #..##.#####.###
#.#..#..## #...#.# #.#
#.#..#..#


You could see an orc priest and a hobgoblin.

Vanquished Creatures
  2 adders
  2 dart slugs (D:2)
  3 orcs (D:3)
  3 giant cockroaches
  2 goblins
  A hobgoblin (D:1)
  4 jackals (D:3)
  3 frilled lizards
  2 rats
22 creatures vanquished.

Vanquished Creatures (others)
  A plant (D:1)
1 creature vanquished.

Grand Total: 23 creatures vanquished

Notes
Turn   | Place    | Note
-------+----------+-------------------------------------------
     0 | D:1      | kyyface the Minotaur Berserker began the quest for the Orb.
     0 | D:1      | Reached XP level 1. HP: 19/19 MP: 0/0
   210 | D:1      | Found a faded altar of an unknown god.
   292 | D:2      | Reached XP level 2. HP: 11/27 MP: 1/1
  1037 | D:3      | Reached XP level 3. HP: 31/33 MP: 2/2
  1077 | D:3      | Found a glowing golden altar of the Shining One.
  1211 | D:3      | HP: 1/33 [orc priest/divine providence (11)]
  1213 | D:3      | Slain by a hobgoblin

Illustrated notes

Levels and vault maps discovered:
D:1:      kilobyte_arrival_exit_the_forest, layout_loops_ring, serial_shops,
          nicolae_shop_window_shopping, ebering_ecumenical_altar_mist
D:2:      layout_loops_cross
D:3:      layout_basic, tso_metal_star, nicolae_dithmenos_shadow_blocks

Skill      XL: |  1  2  3 |
---------------+----------+-----
Long Blades    | 4 |  4.9
Fighting       | 4 |  4.1
Armour         | |  2.6
Dodging        | |  2.4

Action                   || total
-------------------------++-------
Melee: Falchion          ||    19
       Headbutt          ||    11
       Punch             ||     1
       Great sword       ||    26
       Dagger            ||     1
Armor: Animal skin       ||     3
       Leather armour    ||     1
Dodge: Dodged            ||    28

Table legend: (Time is in decaauts)
 A = Elapsed time spent in this place.
 B = Non-inter-level travel time spent in this place.
 C = Inter-level travel time spent in this place.
 D = Time resting spent in this place.
 E = Time spent auto-exploring this place.
 F = Levels seen in this place.
 G = Mean time per level.
                   A        B        C        D        E       F      G
               +--------+--------+--------+--------+--------+-----+--------+
         Total |   1225 |   1225 |      0 |    543 |      0 |   3 |  408.3 |
       Dungeon |   1225 |   1225 |      0 |    543 |      0 |   3 |  408.3 |
               +--------+--------+--------+--------+--------+-----+--------+

Top non-repeatable levels by time:
     D:2: 728 daAuts
     D:1: 283 daAuts
     D:3: 214 daAuts
